AoeStats
← BombaKladSon

Arena

505980263Analyzed
1v1 RM · 19d ago on Sep 11, 2026· 37m 35s· 2 players
Game mode
Random Map
Map size
Tiny (2 player)
Population
200
Speed
Normal
Resources
Standard
Victory
Conquest
Starting age
Dark Age
Ending age
Imperial Age
RankedLock teamsTeams togetherTeam positionsShared explorationLock speedFull tech treeHidden civsTurbo modeCheats
Victory
Defeat
🇳🇱 Saracens · Netherlands
935
+18
🇹🇷 Turks · Türkiye
982
-18
BombaKladSon
11:45 Feudal Age
13:30 Double-Bit Axe
15:51 Castle Age
15:22 Gold Mining
15:27 Stone Mining
16:42 Bow Saw
22:34 Wheelbarrow
23:33 Horse Collar
26:24 Heavy Plow
27:02 Gold Shaft Mining
27:23 Hand Cart
32:02 Imperial Age
29:46 Forging
29:37 Fletching
31:15 Bloodlines
31:53 Iron Casting
31:25 Scale Barding Armor
31:44 Husbandry
31:05 Light Cavalry
33:01 Chain Barding Armor
34:10 Chemistry
33:10 Bodkin Arrow
34:12 Heavy Camel Rider
35:31 Bracer
36:32 Blast Furnace
36:01 Conscription
36:55 Two-Man Saw
mkrst
11:29 Feudal Age
15:49 Castle Age
14:08 Double-Bit Axe
17:21 Wheelbarrow
17:48 Bow Saw
19:35 Gold Mining
20:37 Husbandry
24:02 Horse Collar
24:45 Fervor
25:40 Hand Cart
25:11 Loom
25:44 Town Watch
26:32 Bloodlines
30:18 Imperial Age
30:42 Town Patrol
31:09 Redemption
32:37 Ballistics
32:28 Fortified Wall
32:10 Cavalier
Connection lost

Rejoining the realm…

Still unreachable

The connection could not be restored.

Session expired

The server has moved on; the page needs a fresh start.